 Dungeon Crawl Stone Soup version 0.27.1 (webtiles) character file.

Game seed: 6053960945786794600

11423 ZARRMARR the Cleaver (level 11, -8/99 HPs)
             Began as a Minotaur Berserker on Aug 26, 2021.
             Was a High Priest of Trog.
             Mangled by a skeletal warrior (13 damage)
             ... led by a skeletal warrior
             ... on level 11 of the Dungeon on Aug 27, 2021.
             The game lasted 00:45:15 (12850 turns).

ZARRMARR the Cleaver (Minotaur Berserker)          Turns: 12850, Time: 00:45:16

Health: -8/99      AC: 16    Str: 24    XL:     11   Next: 49%
Magic:  3/3        EV:  8    Int:  4    God:    Trog [*****.]
Gold:   584        SH: 12    Dex: 11    Spells: 10/10 levels left

rFire    + . .     SeeInvis .   t - +2 broad axe (antimagic)
rCold    + + .     Faith    .   d - +0 kite shield
rNeg     . . .     Spirit   .   k - +0 plate armour
rPois    .         Reflect  .   (helmet restricted)
rElec    .         Harm     .   c - scarf {rC+ rF+}
rCorr    .         Rampage  .   (no gloves)
Will     .....     Clarity  +   A - +0 pair of boots
Stlth    ..........             j - amulet of the acrobat
HPRegen  0.26/turn              i - ring of flight
MPRegen  0.08/turn              C - ring of protection from cold

@: on berserk cooldown, flying, slowed, very slow
A: horns 2, retaliatory headbutt, clarity, sense surroundings 1, screaming 1
a: Renounce Religion, Berserk, Trog's Hand, Brothers in Arms


You were on level 11 of the Dungeon.
You worshipped Trog.
Trog was extremely pleased with you.
You visited 1 branch of the dungeon, and saw 11 of its levels.
You also visited: Sewer.

You collected 584 gold pieces.

Inventory:

Hand Weapons
 t - a +2 antimagic broad axe (weapon)
 I - a +3 vorpal flail
 T - a +3 flail of freezing
Missiles
 l - 4 curare-tipped darts
 o - 38 poisoned darts
 x - 5 throwing nets
 G - 3 boomerangs (quivered)
Armour
 c - a scarf of resistance (worn)
 d - a +0 kite shield (worn)
 k - a +0 plate armour (worn)
 A - a +0 pair of boots (worn)
Jewellery
 i - a ring of flight (left hand)
 j - an amulet of the acrobat (around neck)
 z - a ring of ice
 C - a ring of protection from cold (right hand)
 R - an amulet of reflection
 U - a ring of positive energy
Wands
 a - a wand of mindburst (15)
 J - a wand of iceblast (16)
 O - a wand of paralysis (24)
 Q - a wand of flame (19)
 S - a wand of acid (11)
Scrolls
 b - 2 scrolls of immolation {unknown}
 f - 2 scrolls of magic mapping
 g - 4 scrolls of fear
 m - 2 scrolls of summoning {unknown}
 n - 3 scrolls of noise
 p - a scroll of fog {unknown}
 y - a scroll of silence {unknown}
 D - a scroll of holy word {unknown}
 H - 2 scrolls of enchant armour {unknown}
 K - a scroll of blinking {unknown}
 L - a scroll of vulnerability {unknown}
 N - a scroll of torment {unknown}
Potions
 e - 2 potions of flight {unknown}
 h - 2 potions of curing {unknown}
 q - 2 potions of haste {unknown}
 r - 5 potions of mutation
 s - a potion of brilliance {unknown}
 u - a potion of experience {unknown}
 v - 4 potions of might {unknown}
 w - 3 potions of attraction {unknown}
 B - 3 potions of cancellation {unknown}
 E - 2 potions of resistance
 F - 2 potions of heal wounds {unknown}
 M - a potion of invisibility {unknown}
 P - a potion of lignification {unknown}


   Skills:
 + Level 9.9 Fighting
 + Level 13.4 Axes
 + Level 10.4 Armour
 + Level 5.8 Dodging
 + Level 9.0 Shields


You had 10 spell levels left.
You didn't know any spells.
Your spell library contained the following spells:

 Spells                   Type           Power      Damage    Failure   Level
 Foxfire                  Conj/Fire      0%         2x1d4     100%        1
 Conjure Flame            Conj/Fire      0%         6-21      100%        3
 Dazzling Flash           Conj/Hex       0%         N/A       100%        3
 Ignite Poison            Fire/Tmut/Pois 0%         N/A       100%        3
 Inner Flame              Hex/Fire       0%         N/A       100%        3
 Airstrike                Air            0%         N/A       100%        4
 Iskenderun's Mystic Bla  Conj/Tloc      0%         2d3       100%        4
 Sticky Flame             Conj/Fire      0%         2d3       100%        4
 Summon Lightning Spire   Summ/Air       0%         N/A       100%        4
 Lightning Bolt           Conj/Air       0%         1d11      100%        5
 Starburst                Conj/Fire      0%         6d3       100%        6


Dungeon Overview and Level Annotations

Branches:
Dungeon (11/15)            Temple (0/1) D:6           Sewer (visited)
   Lair: D:8-11         Orc: D:9-12

Altars:
Cheibriados
Dithmenos
Fedhas
Gozag
Hepliaklqana
Kikubaaqudgha
Okawaru
Ru
Trog
Uskayaw
Vehumet
Wu Jian
Xom

Annotations:
D:10 2 transporters, packetloss's ghost, journeyman GnWz


Innate Abilities, Weirdness & Mutations

You have a pair of horns on your head.
You reflexively headbutt those who attack you in melee.
You possess an exceptional clarity of mind.
You passively map a small area around you.
You occasionally shout uncontrollably at your foes.


Message History

Trog accepts your kill.
Your Shields skill increases to level 9!
You barely miss the skeletal warrior.
You headbutt the skeletal warrior, but do no damage.
You hit the skeletal warrior. You headbutt the skeletal warrior!
The skeletal warrior is lightly damaged.
The skeletal warrior hits you with a +0 dire flail.
You hit the skeletal warrior.
The skeletal warrior is lightly damaged.
The skeletal warrior hits you with a +0 dire flail!!
You completely miss the skeletal warrior.
The skeletal warrior is lightly damaged.
You closely miss the skeletal warrior.
The skeletal warrior is lightly damaged.
The skeletal warrior hits you with a +0 dire flail!!
You slice the skeletal warrior!! You headbutt the skeletal warrior.
The skeletal warrior is severely damaged.
You are no longer berserk.
You are exhausted.
You feel yourself slow down.
Your plate armour prevents you from hitting the skeletal warrior.
Your headbutt misses the skeletal warrior.
The skeletal warrior is severely damaged.
The skeletal warrior hits you with a +0 dire flail! x2
You slash the skeletal warrior!
The skeletal warrior is severely damaged.
The skeletal warrior hits you with a +0 dire flail!
* * * LOW HITPOINT WARNING * * *
You closely miss the skeletal warrior.
The skeletal warrior is severely damaged.
The skeletal warrior hits you with a +0 dire flail.
* * * LOW HITPOINT WARNING * * *
The skeletal warrior hits you with a +0 dire flail!!
* * * LOW HITPOINT WARNING * * *
It was a potion of mutation.
You feel extremely strange.
You feel a strange attunement to the structure of the dungeons.
Your thoughts seem clearer.
You feel the urge to shout.
You block the skeletal warrior's attack.
The skeletal warrior hits you with a +0 dire flail!
You die...

....... ,* * .......
, ## ....... , ..
..... , ###### ...
#..... * ##.# *
#.#### #..# ##.####
#z## #...... #@#
#..#### ##.##
###..####
##...#######†......#
#............##.##.#
#....#######.##.##.#
#.#.## #.##.##.#
#.#.# #.##.##.#
#.#.# #.##....<
#.#.# #.......#


You could see a skeletal warrior.

Vanquished Creatures
  Harold (D:7)
  2 two-headed ogres
  A skeletal warrior (D:11)
  Pikel (D:6)
  An ugly thing (D:9)
  2 centaur zombies (D:10)
  A troll (D:9)
  A slime creature (D:9)
  A hornet (D:10)
  Sigmund (D:3)
  3 shadows
  13 yaks
  Edmund (D:6)
  Menkaure (D:7)
  2 acid dragons
  4 orc warriors
  4 sky beasts
  An ice beast (D:8)
  A black bear (D:6)
  2 ogres (D:6)
  3 centaurs
  A phantom (D:4)
  2 lemures (D:6)
  8 kobold brigands
  4 bullfrogs
  A gnoll sergeant (D:8)
  6 scorpions
  2 wyvern skeletons
  A water moccasin skeleton (D:5)
  6 wights
  A howler monkey (D:9)
  A centaur skeleton (D:7)
  2 gnoll shamans
  6 orc priests
  5 hounds
  2 bullfrog skeletons
  Terence (D:2)
  3 iguanas
  4 orc wizards
  3 killer bee zombies
  2 howler monkey zombies
  11 gnolls
  14 adders
  2 river rats (Sewer)
  2 shadow imps
  A white imp (D:5)
  An adder skeleton (D:4)
  6 worms
  4 dart slugs
  33 orcs
  8 ball pythons
  12 endoplasms
  4 giant cockroaches
  6 goblins
  3 hobgoblins
  3 quokkas
  4 bats
  7 frilled lizards
  31 kobolds
  7 rats
267 creatures vanquished.

Vanquished Creatures (others)
  A fungus (D:11)
  4 plants (D:8)
5 creatures vanquished.

Grand Total: 272 creatures vanquished

Notes
Turn   | Place    | Note
-------+----------+-------------------------------------------
     0 | D:1      | ZARRMARR the Minotaur Berserker began the quest for the
                  | Orb.
     0 | D:1      | Reached XP level 1. HP: 19/19 MP: 0/0
   128 | D:1      | Reached skill level 4 in Axes
   128 | D:1      | Reached XP level 2. HP: 20/27 MP: 1/1
   400 | D:1      | Reached ** piety under Trog
   707 | D:1      | Reached XP level 3. HP: 33/33 MP: 2/2
  1161 | D:2      | Reached skill level 5 in Axes
  1253 | D:2      | Reached XP level 4. HP: 37/40 MP: 3/3
  1350 | D:2      | Noticed a scorpion
  1362 | D:2      | Killed a scorpion
  1363 | D:2      | Reached skill level 1 in Shields
  1748 | D:2      | Noticed Terence
  1755 | D:2      | Killed Terence
  1756 | D:2      | Reached XP level 5. HP: 47/47 MP: 4/4
  1951 | D:3      | Noticed a sky beast
  1964 | D:3      | Killed a sky beast
  1965 | D:3      | Reached skill level 6 in Axes
  2214 | D:3      | Reached XP level 6. HP: 53/55 MP: 5/5
  2459 | D:3      | Noticed Sigmund
  2466 | D:3      | Killed Sigmund
  2467 | D:3      | Reached skill level 5 in Fighting
  2467 | D:3      | Reached skill level 7 in Axes
  2818 | D:4      | Reached XP level 7. HP: 61/61 MP: 6/6
  2831 | D:4      | Reached *** piety under Trog
  2874 | D:4      | Found a glowing drain.
  2890 | Sewer    | Entered a sewer
  3644 | D:4      | Reached skill level 8 in Axes
  3724 | D:4      | Reached XP level 8. HP: 65/70 MP: 7/7
  4060 | D:4      | Found an ornate altar of the Wu Jian Council.
  4403 | D:5      | Entered Level 5 of the Dungeon
  4850 | D:5      | Reached skill level 5 in Armour
  4976 | D:5      | Reached **** piety under Trog
  5155 | D:5      | Reached skill level 5 in Shields
  5195 | D:5      | Reached skill level 9 in Axes
  5369 | D:5      | Found an opulent altar of Gozag.
  5370 | D:5      | Found a sacrificial altar of Ru.
  5602 | D:6      | Reached skill level 5 in Dodging
  5744 | D:6      | Reached XP level 9. HP: 78/78 MP: 8/8
  6539 | D:6      | Noticed a two-headed ogre
  6543 | D:6      | Noticed Edmund
  6547 | D:6      | Killed a two-headed ogre
  6548 | D:6      | Reached skill level 10 in Axes
  6555 | D:6      | Killed Edmund
  6994 | D:6      | Found a staircase to the Ecumenical Temple.
  7166 | D:6      | Noticed Pikel
  7182 | D:6      | Killed Pikel
  7309 | D:5      | Found an iron altar of Okawaru.
  7309 | D:5      | Found an ancient bone altar of Kikubaaqudgha.
  7358 | D:7      | Noticed Harold
  7378 | D:7      | Killed Harold
  7379 | D:7      | Reached skill level 11 in Axes
  7379 | D:7      | Reached XP level 10. HP: 64/89 MP: 9/9
  7875 | D:7      | Noticed Menkaure
  7884 | D:7      | Killed Menkaure
  7884 | D:7      | Reached ***** piety under Trog
  8594 | D:8      | Found a hide-covered altar of Uskayaw.
  8600 | D:8      | Noticed a +0 hand axe
  8601 | D:8      | Noticed a +0 dagger
  8840 | D:8      | Found a blossoming altar of Fedhas.
  9511 | D:9      | Found a snail-covered altar of Cheibriados.
  9575 | D:9      | Noticed a cyan ugly thing
  9589 | D:9      | Killed a cyan ugly thing
  9590 | D:9      | Reached skill level 12 in Axes
  9602 | D:9      | Noticed a boulder beetle
 10646 | D:9      | Received a gift from Trog
 10748 | D:9      | Found a hide-covered altar of Uskayaw.
 11003 | D:10     | Entered Level 10 of the Dungeon
 11115 | D:10     | Noticed a two-headed ogre
 11123 | D:10     | Killed a two-headed ogre
 11124 | D:10     | Reached XP level 11. HP: 97/97 MP: 3/10
 11169 | D:10     | Found a transporter.
 11171 | D:10     | Noticed packetloss's ghost (journeyman GnWz)
 11176 | D:10     | Found a radiant altar of Vehumet.
 11347 | D:10     | Found a bloodstained altar of Trog.
 11579 | D:10     | Found a transporter.
 11876 | D:10     | Found a hazy altar of Hepliaklqana.
 11877 | D:10     | Found a shimmering altar of Xom.
 11877 | D:10     | Found a shadowy altar of Dithmenos.
 11989 | D:10     | Reached skill level 10 in Armour
 12731 | D:11     | Reached skill level 13 in Axes
 12822 | D:11     | Noticed a skeletal warrior
 12822 | D:11     | Noticed a skeletal warrior
 12840 | D:11     | Killed a skeletal warrior
 12849 | D:11     | HP: 4/99 [skeletal warrior[a skeletal warrior] (18)]
 12850 | D:11     | Gained mutation: You passively map a small area around you.
                  | [potion of mutation]
 12850 | D:11     | Gained mutation: You possess an exceptional clarity of
                  | mind. [potion of mutation]
 12850 | D:11     | Gained mutation: You occasionally shout uncontrollably at
                  | your foes. [potion of mutation]
 12850 | D:11     | Mangled by a skeletal warrior

Illustrated notes

Levels and vault maps discovered:
D:1:      scummos_arrival_simple_fountains, layout_rooms,
          ebering_dispersal_statue_hall, minmay_misc_feat_columns,
          corexii_corridor_pit, hangedman_decor_peaks_small
D:2:      layout_basic, uniq_terence
D:3:      layout_basic, uniq_sigmund
D:4:      layout_basic, nicolae_wu_jian_immortal_techniques,
          cheibrodos_sewer_entry_sluice
D:5:      layout_loops_cross, nicolae_overflow_hidden_temple, st_stairs_14
D:6:      layout_loops_ring, minmay_temple_entry_antechambers, uniq_edmund,
          uniq_pikel
D:7:      layout_basic, nicolae_benzene_ring, grunt_ministairs_13,
          amcnicky_mini_pool_small, uniq_harold, uniq_menkaure
D:8:      layout_loops_ring, fedhas_altar_1, dancing_weapons_uskayaw
D:9:      layout_roguey, old_standard_altar, minmay_ruined_shrine
D:10:     layout_layer_cave, lemuel_crystal_altar,
          mainiacjoe_overflow_cross_hatched,
          chequers_temple_overflow_statue_of_worship, gammafunk_ghost_arena
D:11:     layout_loops_ring, david_lair_generic

Skill      XL: |  1  2  3  4  5  6  7  8  9 10 11 |
---------------+----------------------------------+-----
Axes           | 4 5 6 7 8 9 11 12 13 | 13.4
Fighting       | 4 5 6 8 9 |  9.9
Dodging        | 3 4 5 |  5.8
Shields        | 1 2 3 5 7 8 9 |  9.0
Armour         | 3 4 6 8 9 10 | 10.4

Action                   |  1- 3 |  4- 6 |  7- 9 | 10-12 || total
-------------------------+-------+-------+-------+-------++-------
Melee: Hand axe          |    65 |    70 |   308 |   219 ||   662
       Headbutt          |    11 |    13 |    63 |    74 ||   161
       Broad axe         |       |       |       |   110 ||   110
Throw: Dart              |       |       |    13 |     1 ||    14
       Boomerang         |       |       |       |    29 ||    29
Invok: Berserk           |     1 |     6 |    19 |    20 ||    46
       Trog's Hand       |       |       |     1 |       ||     1
  Use: Scroll            |     1 |     2 |     3 |     4 ||    10
       Potion            |       |       |       |     1 ||     1
 Stab: Sleeping          |     1 |     1 |       |       ||     2
Armor: Animal skin       |    12 |     4 |       |       ||    16
       Scale mail        |       |    17 |    53 |       ||    70
       Plate armour      |       |       |    16 |   123 ||   139
Dodge: Dodged            |    26 |    23 |   103 |    91 ||   243
Block: Kite shield       |    15 |    23 |   156 |   162 ||   356
